 Dungeon Crawl Stone Soup version 0.21.1-1-g345015fe64 (webtiles) character file.

8544 Norrik the Spear-Bearer (level 11, -9/100 HPs)
             Began as a Minotaur Monk on Apr 6, 2018.
             Was a High Priest of Okawaru.
             Hit by a large rock thrown by a cyclops (21 damage)
             ... on level 11 of the Dungeon.
             The game lasted 00:31:47 (11087 turns).

Norrik the Spear-Bearer (Minotaur Monk)            Turns: 11087, Time: 00:31:48

Health: -9/100     AC: 15    Str: 20    XL:     11   Next: 11%
Magic:  14/14      EV:  9    Int:  7    God:    Okawaru [*****.]
Gold:   451        SH:  4    Dex: 12    Spells: 10/10 levels left

rFire    . . .     SeeInvis .   i - +0 trident
rCold    . . .     Gourm    .   D - +0 buckler
rNeg     + . .     Faith    .   w - +1 chain mail
rPois    .         Spirit   .   (helmet restricted)
rElec    .         Reflect  .   (no cloak)
rCorr    .         Harm     .   l - +2 pair of gloves
MR       .....                  (no boots)
Stlth    ..........             b - amulet of magic regeneration
HPRegen  0.26/turn              G - ring of positive energy
MPRegen  0.39/turn              (no ring)

@: no status effects
A: retaliatory headbutt, horns 2
a: Heroism, Finesse, Renounce Religion


You were on level 11 of the Dungeon.
You worshipped Okawaru.
Okawaru was extremely pleased with you.
You were hungry.

You visited 1 branch of the dungeon, and saw 11 of its levels.

You collected 496 gold pieces.
You spent 45 gold pieces at shops.

Inventory:

Hand Weapons
 i - a +0 trident (weapon)
 n - a cursed -1 spear
Armour
 l - a +2 pair of gloves (worn)
 w - a +1 chain mail (worn)
 A - a scarf of spirit shield
 D - a +0 buckler (worn)
Jewellery
 b - an amulet of magic regeneration (around neck)
 j - a cursed -2 ring of protection {unknown}
 y - an uncursed ring of protection from fire
 z - an uncursed amulet of the gourmand {unknown}
 G - a ring of positive energy (left hand)
 I - a +4 ring of intelligence
Wands
 o - a wand of flame (33)
 v - a wand of polymorph (27)
 E - a wand of enslavement (11)
 F - a wand of paralysis (12)
Scrolls
 d - 4 scrolls of magic mapping
 f - 5 scrolls of amnesia
 g - a scroll of immolation {unknown}
 k - 4 scrolls of enchant weapon
 t - 2 scrolls of identify
 B - a scroll of noise {unknown}
Potions
 e - a potion of cancellation {unknown}
 h - a potion of agility
 m - 3 potions of lignification
 p - 2 potions of ambrosia
 q - a potion of mutation {unknown}
 r - 4 potions of brilliance
 s - a potion of berserk rage {unknown}
 u - a potion of curing
 C - 2 potions of haste {unknown}
Books
 a - a Young Poisoner's Handbook

   Spells                             Type                      Level
   a - Sting                          Conjuration/Poison           1
   b - Poisonous Vapours              Poison/Air                   2
   c - Mephitic Cloud                 Conjuration/Poison/Air       3
   d - Olgreb's Toxic Radiance        Poison                       4
   e - Venom Bolt                     Conjuration/Poison           5
 x - a book of Necromancy

   Spells                             Type                      Level
   a - Pain                           Necromancy                   1
   b - Animate Skeleton               Necromancy                   1
   c - Vampiric Draining              Necromancy                   3
   d - Regeneration                   Charms/Necromancy            3
   e - Animate Dead                   Necromancy                   4
   f - Borgnjor's Vile Clutch         Necromancy/Earth             5
Comestibles
 c - 15 rations


   Skills:
 + Level 10.2 Fighting
 * Level 13.4 Polearms
 + Level 9.4 Armour
 - Level 3.2 Dodging
 - Level 1.5 Stealth
 + Level 3.3 Shields
 - Level 6.0 Invocations


You had 10 spell levels left.
You didn't know any spells.

Dungeon Overview and Level Annotations

Branches:
Dungeon (11/15)            Temple (0/1) D:4            Lair (0/6) D:9
    Orc (0/2) D:10

Altars:
Cheibriados
Fedhas
Kikubaaqudgha
Okawaru
Sif Muna
Xom

Shops:
D:8 [*%


Innate Abilities, Weirdness & Mutations

You reflexively headbutt those who attack you in melee.
You have a pair of horns on your head.


Message History

You are too injured to fight recklessly!
You are too injured to fight recklessly!
You are too injured to fight recklessly!
You are too injured to fight recklessly!
You are too injured to fight recklessly!
You are too injured to fight recklessly!
You are too injured to fight recklessly!
You are too injured to fight recklessly!
You are too injured to fight recklessly!
You are too injured to fight recklessly!
You are too injured to fight recklessly!
You are too injured to fight recklessly!
The orc warrior hits you with a trident!
* * * LOW HITPOINT WARNING * * *
Things that are here:
a crystal hunting sling; a leather armour You completely miss the orc warrior.
The orc warrior is severely wounded.
The cyclops throws a large rock.
The large rock hits you!!
You die...

***#####################*********
,,,......))<)..(........,,,,,,,,,
,,,......#####..@o......,,,,,,,,,
,,,.....,* #.(####..##,,,**,,,,
,,,....,,* #))#,,,,,.,,,,**,,,,
,,,...,,,* #..#,≈≈≈≈≈≈≈,,**,,,,
,,,..,,,,* #.C#,≈**,**≈,,**,,,,
,,,.,,,,,* #...,≈*,,,*≈,***,,,,
,,,,,,,,,* #...,≈*,∩,*≈,* *,,,,
,,,,,,,,,* #..#,≈*,,,*≈,* *,,,,
,,,,,,,,,* #..#,≈*****≈,* *,,,,


You could see a cyclops and an orc warrior.

Vanquished Creatures
  2 two-headed ogres
  An ugly thing (D:11)
  A cyclops (D:11)
  The ghost of Ursun the Ruffian, an amateur TrMo of Ru (D:5)
  2 trolls
  A hornet (D:7)
  A dream sheep (D:8)
  3 hippogriffs
  2 wraiths (D:10)
  Sigmund (D:6)
  A wyvern (D:11)
  A hungry ghost (D:7)
  An ice beast (D:9)
  2 sky beasts
  A necrophage (D:10)
  A phantom (D:7)
  2 wolves (D:9)
  3 centaurs
  2 ogres
  3 big kobolds
  5 bullfrogs
  A wyvern zombie (D:7)
  3 scorpions
  4 killer bees (D:9)
  A troll skeleton (D:10)
  A wight (D:10)
  2 electric eels (D:9)
  14 crimson imps
  A bullfrog zombie (D:9)
  7 hounds
  5 human zombies (D:10)
  2 jellies
  2 bullfrog skeletons
  A gnoll shaman (D:6)
  4 orc priests
  6 orc wizards
  4 iguanas
  Crazy Yiuf (D:5)
  A centaur skeleton (D:6)
  2 human skeletons (D:10)
  Natasha (thrice) (D:4)
  7 worker ants
  A hound skeleton (D:5)
  Robin (D:2)
  2 worker ant zombies
  7 gnolls
  A howler monkey skeleton (D:5)
  15 adders
  A howler monkey zombie (D:7)
  A shadow imp (D:9)
  An ooze (D:5)
  An adder zombie (D:7)
  2 adder skeletons
  5 worms
  A dart slug (D:3)
  5 leopard geckos
  28 orcs
  5 bats
  10 giant cockroaches
  19 goblins
  7 hobgoblins
  15 jackals
  6 quokkas
  3 ball pythons
  8 frilled lizards
  13 kobolds
  5 rats
272 creatures vanquished.

Vanquished Creatures (others)
  4 dream sheep (D:8)
4 creatures vanquished.

Grand Total: 276 creatures vanquished

Notes
Turn   | Place    | Note
-------+----------+-------------------------------------------
     0 | D:1      | Norrik the Minotaur Monk began the quest for the Orb.
     0 | D:1      | Reached XP level 1. HP: 19/19 MP: 0/0
   116 | D:1      | Reached skill level 4 in Polearms
   122 | D:1      | Reached XP level 2. HP: 17/27 MP: 1/1
   304 | D:1      | Reached skill level 1 in Armour
   659 | D:2      | Noticed Robin
   667 | D:2      | Reached XP level 3. HP: 16/33 MP: 2/2
   892 | D:2      | Killed Robin
  1174 | D:2      | Found an iron altar of Okawaru.
  1187 | D:2      | Reached skill level 5 in Polearms
  1187 | D:2      | Reached XP level 4. HP: 38/41 MP: 3/3
  1196 | D:2      | Became a worshipper of Warmaster Okawaru
  1196 | D:2      | Reached * piety under Okawaru
  1196 | D:2      | Reached ** piety under Okawaru
  1955 | D:3      | Reached XP level 5. HP: 30/47 MP: 4/4
  2374 | D:3      | Reached skill level 6 in Polearms
  2454 | D:4      | Reached skill level 5 in Fighting
  2555 | D:4      | Reached XP level 6. HP: 47/56 MP: 5/5
  2711 | D:4      | Found a snail-covered altar of Cheibriados.
  2711 | D:4      | Found a deep blue altar of Sif Muna.
  2781 | D:4      | Found a staircase to the Ecumenical Temple.
  2820 | D:4      | Noticed Natasha
  2827 | D:4      | Killed Natasha
  3043 | D:4      | Noticed Natasha
  3052 | D:4      | Killed Natasha
  3052 | D:4      | Reached skill level 7 in Polearms
  3189 | D:5      | Entered Level 5 of the Dungeon
  3284 | D:5      | Reached *** piety under Okawaru
  3367 | D:5      | Reached XP level 7. HP: 22/62 MP: 6/6
  3689 | D:5      | Reached skill level 8 in Polearms
  3694 | D:5      | Noticed Ursun's ghost (amateur TrMo)
  3925 | D:4      | Noticed Natasha
  3934 | D:4      | Killed Natasha
  4251 | D:5      | Killed Ursun's ghost
  4251 | D:5      | Reached skill level 5 in Armour
  4251 | D:5      | Reached skill level 1 in Invocations
  4251 | D:5      | Reached XP level 8. HP: 53/71 MP: 5/7
  4489 | D:5      | Found a runed door.
  4806 | D:5      | Noticed Crazy Yiuf
  4842 | D:5      | Killed Crazy Yiuf
  4842 | D:5      | Reached skill level 9 in Polearms
  5616 | D:6      | Noticed Sigmund
  5635 | D:6      | Killed Sigmund
  5635 | D:6      | Reached **** piety under Okawaru
  5790 | D:7      | Reached skill level 10 in Polearms
  6073 | D:7      | Noticed a hornet
  6085 | D:7      | Paralysed by a hornet for 1 turns
  6096 | D:7      | Killed a hornet
  6096 | D:7      | Reached XP level 9. HP: 37/81 MP: 7/10
  6839 | D:7      | Reached skill level 11 in Polearms
  7527 | D:8      | Found Acsepn's Armour Boutique.
  7581 | D:8      | Found Sung's Assorted Antiques.
  7584 | D:8      | Bought a scroll of remove curse for 45 gold pieces
  7679 | D:8      | Noticed a troll
  7683 | D:8      | Killed a troll
  7708 | D:8      | Found Ceematam's Food Shoppe.
  7732 | D:8      | Found a shimmering altar of Xom.
  8014 | D:9      | Reached ***** piety under Okawaru
  8019 | D:9      | Reached XP level 10. HP: 60/90 MP: 12/12
  8026 | D:9      | Reached skill level 5 in Invocations
  8478 | D:9      | Found a blossoming altar of Fedhas.
  8494 | D:9      | Reached skill level 12 in Polearms
  8605 | D:9      | Noticed a two-headed ogre
  8611 | D:9      | Killed a two-headed ogre
  8967 | D:9      | Found a staircase to the Lair.
  9471 | D:10     | Entered Level 10 of the Dungeon
  9632 | D:10     | Received a gift from Okawaru
  9648 | D:10     | Reached skill level 1 in Shields
  9665 | D:10     | Found an ancient bone altar of Kikubaaqudgha.
  9735 | D:10     | Found a staircase to the Orcish Mines.
 10572 | D:11     | Noticed a two-headed ogre
 10575 | D:11     | Reached skill level 13 in Polearms
 10586 | D:11     | Killed a two-headed ogre
 10586 | D:11     | Reached skill level 10 in Fighting
 10597 | D:11     | Noticed a green ugly thing
 10607 | D:11     | HP: 4/93 [poisoned by a water moccasin]
 11037 | D:11     | Killed a green ugly thing
 11037 | D:11     | Reached XP level 11. HP: 95/99 MP: 14/14
 11087 | D:11     | Hit by a large rock thrown by a cyclops

Skill      XL: |  1  2  3  4  5  6  7  8  9 10 11 |
---------------+----------------------------------+-----
Polearms       | 4 5 6 7 8 10 11 13 | 13.4
Armour         | 1 2 3 4 5 6 7 9 |  9.4
Fighting       | 4 5 6 7 8 10 | 10.2
Invocations    | 1 3 4 6 |  6.0
Shields        | 2 3 |  3.3
Dodging        | |  3.2
Stealth        | |  1.5

Action                   |  1- 3 |  4- 6 |  7- 9 | 10-12 || total
-------------------------+-------+-------+-------+-------++-------
Melee: Spear             |   111 |   199 |   483 |       ||   793
       Headbutt          |    19 |    26 |    96 |    67 ||   208
       Punch             |       |       |     3 |       ||     3
       Trident           |       |       |    76 |   344 ||   420
Invok: Heroism           |       |     1 |     8 |     4 ||    13
  Use: Scroll            |       |     6 |     9 |     4 ||    19
       Potion            |       |       |       |     1 ||     1
 Stab: Sleeping          |       |     2 |     1 |       ||     3
       Fleeing           |       |       |     1 |       ||     1
  Eat: Chunk             |     1 |     7 |    14 |     6 ||    28
       Ration            |       |       |     1 |     1 ||     2
Armor: Ring mail         |    29 |    33 |    56 |       ||   118
       Chain mail        |       |       |    70 |   155 ||   225
Dodge: Dodged            |    70 |    76 |   183 |   151 ||   480
Block: Buckler           |       |       |       |    40 ||    40
